 Dungeon Crawl Stone Soup version 0.29-a0-857-g9b1aa3ac5b (webtiles) character file.

Game seed: 715335624113174305

23 jimonade the Magician (level 2, 0/20 HPs)
             Began as a Demonspawn Hedge Wizard on July 17, 2022.
             Constricted to death by Natasha (3 damage)
             ... on level 2 of the Dungeon.
             The game lasted 00:02:22 (1486 turns).

jimonade the Magician (Demonspawn Hedge Wizard)     Turns: 1486, Time: 00:02:22

Health: 0/20       AC:  3    Str: 10    XL:     2   Next: 72%
Magic:  1/6        EV:  9    Int: 15    God:
Gold:   91         SH:  5    Dex: 12    Spells: 7/8 levels left

rFire   . . .      SeeInvis .   a - +0 dagger (vorpal)
rCold   . . .      Faith    .   (no shield)
rNeg    . . .      Spirit   .   b - +0 robe
rPois   .          Reflect  +   c - +0 hat
rElec   .          Harm     .   (no cloak)
rCorr   .          Rampage  .   k - +0 pair of gloves
Will    .....                   (no boots)
Stlth   ++........              h - amulet of reflection
HPRegen 0.06/turn               (no ring)
MPRegen 0.20/turn               (no ring)

@: grasped by roots, slowed, constricted, very slow
A: magic regeneration
a: no special abilities


You were on level 2 of the Dungeon.
You visited 1 branch of the dungeon, and saw 2 of its levels.

You collected 91 gold pieces.

Inventory:

Hand Weapons
 a - a +0 vorpal dagger (weapon)
 g - a +0 great sword
Armour
 b - a +0 robe (worn)
 c - a +0 hat (worn)
 k - a +0 pair of gloves (worn)
 l - a +0 leather armour
Jewellery
 h - an amulet of reflection (around neck)
Scrolls
 e - a scroll of brand weapon
 j - a scroll of identify {unknown}
 n - a scroll of vulnerability {unknown}
Potions
 d - a potion of magic
 f - 5 potions of curing
 i - a potion of lignification {unknown}
 m - 2 potions of degeneration {unknown}
 o - a potion of haste {unknown}


   Skills:
 * Level 0.8 Fighting
 + Level 1.7 Dodging
 - Level 1.7 Stealth
 * Level 3.7 Spellcasting
 + Level 1.1 Conjurations
 + Level 1.0 Summonings
 + Level 0.8 Translocations


You had 7 spell levels left.
You knew the following spells:

 Your Spells              Type           Power      Damage    Failure   Level
a - Magic Dart            Conj           24%        1d4       12%         1

Your spell library contained the following spells:

 Spells                   Type           Power      Damage    Failure   Level
 Slow                     Hex            8%         N/A       19%         1
 Call Imp                 Summ           5%         N/A       19%         2
 Blink                    Tloc           10%        N/A       21%         2
 Conjure Flame            Conj/Fire      4%         6-21      41%         3
 Summon Guardian Golem    Hex/Summ       4%         N/A       41%         3
 Mephitic Cloud           Conj/Pois/Air  3%         N/A       43%         3
 Orb of Destruction       Conj           3%         9d5       100%        7
 Spellforged Servitor     Conj/Summ      3%         N/A       100%        7


Dungeon Overview and Level Annotations

Branches:
Dungeon (2/15)

Altars:

Annotations:
D:2 Natasha, Terence


Innate Abilities, Weirdness & Mutations

You regenerate magic rapidly.


Message History

Natasha mumbles some strange words.
You feel troubled. Natasha barely misses you. Natasha closely misses you.
The magic dart hits Natasha.
Natasha is severely wounded.
Natasha barely misses you.
The magic dart hits Natasha.
Natasha is almost dead.
Natasha zaps a wand.
The roots erupt in riotous growth!
The grasping roots grab you!
Natasha is unaffected.
The grasping roots constrict you. You block Natasha's attack.
The grasping roots constrict you.
The magic dart hits Natasha.
Natasha is almost dead.
Natasha stares at you and mumbles some strange words.
You feel as though you will be slow longer.
The grasping roots constrict you.
The grasping roots release their grip on you.
You hit Natasha but do no damage.
Natasha is almost dead.
Natasha closely misses you. Natasha casts a spell at you.
The magic dart hits you.
You closely miss Natasha.
Natasha is almost dead.
Natasha claws you.
* * * LOW HITPOINT WARNING * * *
You closely miss Natasha.
Natasha is almost dead.
You block Natasha's attack.
A hobgoblin comes into view.
Terence the Incautious comes into view.
He is wielding a +0 hand axe.
Natasha barely misses you.
You barely miss Natasha.
Natasha is almost dead.
The hobgoblin shouts!
You hear an angry hiss.
Natasha zaps a wand.
The roots erupt in riotous growth!
The grasping roots grab you!
Natasha is unaffected.
The grasping roots constrict you.
You die...

#........#
########.# #†##
#.### #..# . ....#
#..# ..# #.#.# #..#
.. #.#.# #..#
##g####.#.# #..###
#...h@#.#.# #.....
#(###.#.#.# ##.###
#.#.#.## #.#
#.###.#....#######†#
#..........#.......#
##..##.......#######
#.............#
#....##@......# #...
#.#..>### ###


You could see Terence, Natasha and a hobgoblin.

Vanquished Creatures
  A bat (D:2)
  2 endoplasms
  A giant cockroach (D:1)
  A hobgoblin (D:1)
  5 kobolds
  4 ball pythons
  2 goblins
  5 rats
21 creatures vanquished.

Vanquished Creatures (others)
  A fungus (D:2)
1 creature vanquished.

Grand Total: 22 creatures vanquished

Notes
Turn   | Place    | Note
-------+----------+-------------------------------------------
     0 | D:1      | jimonade the Demonspawn Hedge Wizard began the quest for
                  | the Orb.
     0 | D:1      | Reached XP level 1. HP: 13/13 MP: 4/4
   656 | D:1      | Gained mutation: You regenerate magic rapidly. [demonic
                  | ancestry]
   656 | D:1      | Reached XP level 2. HP: 20/20 MP: 1/6
  1473 | D:2      | Noticed Natasha
  1485 | D:2      | Noticed Terence
  1486 | D:2      | Constricted to death by Natasha

Illustrated notes

Levels and vault maps discovered:
D:1:      dpeg_arrival_stone_temple_mockup, layout_loops_ring
D:2:      layout_loops_ring, shapermc_ecumenical_altar_acropolis, uniq_natasha,
          uniq_terence

Action                   || total
-------------------------++-------
Melee: Dagger            ||    16
       Punch             ||     1
 Cast: Magic Dart        ||    56
  Use: Scroll            ||     1
Armor: Robe              ||     2
Dodge: Dodged            ||    15
Block: Other             ||     7

Table legend: (Time is in decaauts)
 A = Elapsed time spent in this place.
 B = Non-inter-level travel time spent in this place.
 C = Inter-level travel time spent in this place.
 D = Time resting spent in this place.
 E = Time spent auto-exploring this place.
 F = Levels seen in this place.
 G = Mean time per level.
                   A        B        C        D        E       F      G
               +--------+--------+--------+--------+--------+-----+--------+
         Total |   1490 |   1434 |     56 |     57 |   1145 |   2 |  745.0 |
       Dungeon |   1490 |   1434 |     56 |     57 |   1145 |   2 |  745.0 |
               +--------+--------+--------+--------+--------+-----+--------+

Top non-repeatable levels by time:
     D:1: 1115 daAuts
     D:2: 374 daAuts
